AoeStats
← Tanana

Pilgrims

507318352Analyzed
4v4 RM · 15d ago on Sep 17, 2026· 63m 51s· 8 players
Game mode
Random Map
Map size
Large (8 player)
Population
200
Speed
Normal
Resources
Standard
Victory
Conquest
Starting age
Dark Age
Ending age
Imperial Age
RankedLock teamsTeams togetherTeam positionsShared explorationLock speedFull tech treeHidden civsTurbo modeCheats
Victory
Defeat
🇩🇪 Vikings · Germany
1489
+10
🇨🇴 Magyars · Colombia
1451
+11
🇫🇷 Huns · France
1396
+14
🇦🇹 Berbers · Austria
1385
+15
🇩🇪 Armenians · Germany
1396
-14
🇩🇪 Ethiopians · Germany
1330
-12
🇩🇪 Persians · Germany
1330
-12
🇩🇪 Koreans · Germany
1328
-12
Jambonbeurre
10:49 Loom
13:02 Feudal Age
13:49 Double-Bit Axe
18:04 Castle Age
17:20 Gold Mining
19:10 Medium Warships
19:40 Bow Saw
20:24 Fishing Lines
23:57 Fletching
25:42 Gold Shaft Mining
28:42 Bodkin Arrow
29:28 Padded Archer Armor
31:09 Gillnets
32:27 Leather Archer Armor
32:20 Thumb Ring
33:33 Ballistics
36:06 Horse Collar
37:31 Wheelbarrow
37:27 Bloodlines
37:27 Husbandry
43:01 Imperial Age
41:22 Stone Mining
43:24 Hand Cart
43:34 Heavy Cavalry Archer
44:26 Bracer
47:09 Parthian Tactics
49:54 Scale Barding Armor
50:00 Forging
49:43 Light Cavalry
52:47 Hussar
55:38 Caravan
56:57 Chain Barding Armor
57:14 Iron Casting
57:10 Capped Ram
SbS | Havoc
6:45 Loom
10:16 Feudal Age
10:50 Double-Bit Axe
11:39 Fletching
20:35 Castle Age
21:25 Medium Warships
21:12 Bodkin Arrow
23:38 Bow Saw
26:47 Ballistics
35:26 Fishing Lines
36:50 Gold Mining
36:52 Stone Mining
37:47 Squires
37:49 Scale Mail Armor
38:00 Forging
37:17 Pikeman
42:32 Gillnets
46:25 Iron Casting
48:22 Imperial Age
46:33 Man-at-Arms
46:59 Gambesons
47:30 Chain Mail Armor
48:01 Chieftains
47:52 Long Swordsman
49:36 Plate Mail Armor
50:07 Blast Furnace
49:32 Conscription
48:49 Two-Handed Swordsman
51:20 Champion
55:09 Two-Man Saw
55:26 Caravan
57:31 Gold Shaft Mining
56:37 Horse Collar
60:13 Heavy Plow
62:36 Hoardings
Webmaster
9:13 Loom
11:17 Feudal Age
12:13 Double-Bit Axe
12:31 Horse Collar
17:40 Fletching
17:46 Fishing Lines
21:12 Castle Age
19:19 Stone Mining
19:20 Gold Mining
21:45 Padded Archer Armor
22:14 Medium Warships
23:05 Bow Saw
23:54 Gold Shaft Mining
24:44 Bodkin Arrow
25:50 Wheelbarrow
26:08 Elite Skirmisher
27:42 Gillnets
29:34 Hand Cart
30:58 Heavy Plow
31:18 Leather Archer Armor
32:11 Husbandry
32:22 Bloodlines
31:53 Demolition Ship
34:13 Stone Shaft Mining
38:46 Imperial Age
38:19 Ballistics
39:59 Conscription
39:01 Elite Camel Archer
41:00 Bracer
42:11 Ring Archer Armor
41:45 Light Cavalry
44:38 Kasbah
45:41 Crop Rotation
45:24 Forging
46:26 Chemistry
49:27 Elite Genitour
50:42 Scale Barding Armor
51:13 Iron Casting
52:35 Thumb Ring
52:01 Hussar
53:43 Caravan
56:25 Chain Barding Armor
56:41 Iron Casting
61:55 Maghrebi Camels
64:24 Siege Engineers
ImPerez22
6:47 Loom
14:45 Feudal Age
15:42 Fishing Lines
20:41 Castle Age
19:21 Fletching
20:05 Scale Barding Armor
26:04 Double-Bit Axe
32:18 Chain Barding Armor
34:39 Wheelbarrow
34:45 Medium Warships
36:11 Horse Collar
40:41 Imperial Age
39:56 Bloodlines
39:46 Husbandry
40:51 Cavalier
42:35 Heavy Warships
42:50 Bow Saw
46:25 Plate Barding Armor
47:31 Clinker Construction
47:34 Careening
47:43 Hand Cart
50:06 Dry Dock
51:17 Light Cavalry
53:01 Caravan
53:11 Light Cavalry
54:45 Hussar
57:40 Paladin
60:34 Two-Man Saw
59:36 Heavy Plow
59:54 Capped Ram
I still love Koreans
5:46 Loom
10:35 Feudal Age
14:36 Castle Age
12:42 Double-Bit Axe
13:46 Fletching
15:42 Wheelbarrow
16:29 Bodkin Arrow
17:56 Fishing Lines
20:14 Medium Warships
30:40 Careening
31:57 Ballistics
31:58 Town Watch
32:16 Horse Collar
33:33 Bow Saw
34:11 Clinker Construction
36:40 Gillnets
37:56 Hand Cart
43:01 Imperial Age
43:18 Forging
43:04 Elite Turtle Ship
44:18 Heavy Warships
44:19 Carvel Hull
44:38 Shipwright
47:14 Bracer
47:18 Caravan
49:09 Dry Dock
48:35 Arrowslits
49:11 Carvel Hull
49:54 Chemistry
50:52 Iron Casting
52:20 Elite Skirmisher
53:07 Thumb Ring
53:06 Scale Mail Armor
53:26 Masonry
53:01 Arrowslits
56:37 Chain Mail Armor
57:00 Crossbowman
57:27 Crossbowman
59:57 Two-Man Saw
58:24 Crossbowman
60:05 Plate Mail Armor
60:48 Architecture
60:23 Siege Engineers
60:11 Arbalester
61:36 Murder Holes
61:22 Treadmill Crane
Fürst Zono
7:43 Loom
10:17 Feudal Age
13:50 Castle Age
12:08 Fletching
12:47 Double-Bit Axe
15:07 Medium Warships
16:22 Bow Saw
20:47 Bodkin Arrow
24:16 Gold Mining
27:08 Wheelbarrow
31:14 Horse Collar
32:12 Heavy Plow
32:59 Town Watch
33:48 Hand Cart
33:54 Hand Cart
35:28 Gold Shaft Mining
35:37 Careening
35:37 Clinker Construction
35:33 Siphons
40:56 Imperial Age
39:11 Padded Archer Armor
40:04 Stone Mining
41:09 Leather Archer Armor
41:17 Ballistics
41:08 Masonry
41:01 Crossbowman
41:44 Bracer
42:46 Chemistry
42:05 Arbalester
45:17 Conscription
47:31 Pikeman
48:12 Squires
47:57 Arson
47:59 Gambesons
49:06 Ring Archer Armor
49:27 Caravan
52:26 Elite Skirmisher
56:16 Scale Mail Armor
56:27 Forging
58:16 Halberdier
60:19 Chain Mail Armor
60:40 Iron Casting
60:24 Fereters
61:01 Man-at-Arms
62:47 Plate Mail Armor
63:17 Blast Furnace
62:20 Long Swordsman
I still hate Goths
3:46 Loom
11:16 Feudal Age
18:46 Castle Age
17:00 Double-Bit Axe
18:15 Horse Collar
18:44 Scale Barding Armor
19:38 Bloodlines
23:55 Forging
23:52 Gold Mining
25:00 Chain Barding Armor
28:25 Husbandry
30:19 Wheelbarrow
36:02 Imperial Age
33:02 Light Cavalry
33:46 Fletching
36:34 Iron Casting
36:55 Plate Barding Armor
35:49 Cavalier
41:21 Blast Furnace
41:11 Conscription
47:08 Savar
62:02 Hand Cart
Tanana
4:29 Loom
11:42 Feudal Age
16:25 Castle Age
14:57 Double-Bit Axe
16:16 Fletching
16:30 Crossbowman
17:40 Bow Saw
18:06 Padded Archer Armor
24:53 Horse Collar
28:22 Ballistics
28:17 Bodkin Arrow
31:25 Thumb Ring
33:54 Leather Archer Armor
38:06 Imperial Age
38:20 Arbalester
39:02 Bracer
40:04 Chemistry
41:02 Ring Archer Armor
51:18 Elite Skirmisher
Connection lost

Rejoining the realm…

Still unreachable

The connection could not be restored.

Session expired

The server has moved on; the page needs a fresh start.